 Dungeon Crawl Stone Soup version 0.29.0-4-gdea44cf6ec (webtiles) character file.

Game seed: 5566729033032176800

152 qw the Chopper (level 5, -1/30 HPs)
             Began as a Tengu Warper on Aug 28, 2022.
             Slain by a kobold brigand
             ... wielding a +0 club
              (8 damage)
             ... in a sewer.
             The game lasted 00:00:14 (3392 turns).

qw the Chopper (Tengu Warper)                       Turns: 3392, Time: 00:00:15

Health: -1/30      AC:  7    Str: 14    XL:     5   Next: 34%
Magic:  9/9        EV: 11    Int: 13    God:
Gold:   65         SH:  0    Dex: 13    Spells: 8/8 levels left

rFire   . . .      SeeInvis .   Y - +0 broad axe
rCold   . . .      Faith    .   (no shield)
rNeg    . . .      Spirit   .   b - +0 scale mail
rPois   .          Reflect  .   (helmet restricted)
rElec   .          Harm     .   (no cloak)
rCorr   .          Rampage  .   h - +0 pair of gloves
Will    .....                   (boots unavailable)
Stlth   ..........              (no amulet)
HPRegen 0.10/turn               (no ring)
MPRegen 0.11/turn               (no ring)

@: flying quickly and evasively, quick
A: beak, talons 3, nimble flight
a: no special abilities


You were in a sewer.
You visited 1 branch of the dungeon, and saw 3 of its levels.
You also visited: Sewer.

You collected 65 gold pieces.


Innate Abilities, Weirdness & Mutations

You have a beak for a mouth.
You have claws for feet.
Your magical nature lets you fly swiftly and evasively.


   Skills:
 - Level 2.0 Fighting
 + Level 5.9 Axes
 - Level 1.0 Throwing
 - Level 1.1 Armour
 - Level 2.1 Dodging
 - Level 2.0 Spellcasting
 - Level 2.4 Translocations


You had 8 spell levels left.
You didn't know any spells.
Your spell library contained the following spells:

 Spells                   Type           Power      Damage    Failure   Level
 Blink                    Tloc           14%        N/A       54%         2
 Gell's Gravitas          Tloc           7%         N/A       77%         3
 Lesser Beckoning         Tloc           7%         N/A       77%         3
 Teleport Other           Tloc           7%         N/A       77%         3
 Manifold Assault         Tloc           7%         N/A       100%        5

Inventory:

Hand Weapons
 q - a +0 whip
 Y - a +0 broad axe (weapon)
Missiles
 a - 3 javelins (quivered)
Armour
 b - a +0 scale mail (worn)
 h - a +0 pair of gloves (worn)
Scrolls
 f - a scroll of identify
Potions
 c - a potion of mutation {unknown}
 d - a potion of magic {unknown}
 e - a potion of heal wounds {unknown}
 k - a potion of attraction {unknown}
 l - a potion of haste {unknown}
 o - a potion of degeneration {unknown}

Dungeon Overview and Level Annotations

Branches:
Dungeon (3/15)              Sewer (1/1)

Altars:
Zin


Message History

a - 2 javelins (gained 1)
a - 3 javelins (gained 1)
You reach down and open the door.
A kobold brigand and 2 kobolds come into view.
The kobold brigand is wielding a +0 club and quivering poisoned darts.
The kobold shouts!
The kobold brigand shouts!
The kobold shouts!
Found a murky cyan potion and a dark potion.
You barely miss the kobold. Your peck misses the kobold.
You hit the kobold brigand but do no damage.
Your kick misses the kobold brigand. You barely miss the kobold brigand.
Your kick misses the kobold brigand.
The kobold brigand hits you with a +0 club.
You barely miss the kobold brigand. Your kick misses the kobold brigand.
You hit the kobold.
The kobold brigand hits you with a +0 club.
You barely miss the kobold. Your kick misses the kobold.
The kobold is moderately wounded.
You closely miss the kobold.
You hit the kobold brigand but do no damage.
The kobold barely misses you. The kobold hits you but does no damage.
The kobold brigand hits you with a +0 club.
The kobold misses you.
You hit the kobold. Your peck misses the kobold.
The kobold is heavily wounded.
You closely miss the kobold brigand. You closely miss the kobold.
The kobold barely misses you.
The kobold brigand hits you with a +0 club.
The kobold splashes around in the water.
The kobold hits you but does no damage.
The kobold brigand hits you but does no damage.
You hit the kobold.
You kill the kobold!
You hear a splash.
You hit the kobold brigand. You slash the kobold!
You kill the kobold!
The kobold brigand hits you with a +0 club.
You closely miss the kobold brigand. Your kick misses the kobold brigand.
The kobold brigand is moderately wounded.
The kobold brigand hits you with a +0 club!
You die...

### ###
!.#.! .....
##...## ~
..... ~~ ...
~~~~
##)###~~~~
##K@)~~~~~~
#...~~~~~~~
#...~~~~~~~
##....~~~~~~
#.....~~~~~~
#....~~~~~~~
#.....~~~~~~
##.%...~~~~~
#.....~~~~~


You could see a kobold brigand.

Vanquished Creatures
  4 gnolls (D:2)
  6 adders
  A river rat (Sewer)
  A dart slug (D:2)
  2 ball pythons (D:2)
  3 endoplasms
  2 giant cockroaches (D:3)
  4 goblins
  5 hobgoblins
  2 jackals (D:2)
  3 quokkas (D:1)
  4 bats
  5 kobolds
  11 rats
53 creatures vanquished.

Notes
Turn   | Place    | Note
-------+----------+-------------------------------------------
     0 | D:1      | qw the Tengu Warper began the quest for the Orb.
     0 | D:1      | Reached XP level 1. HP: 12/12 MP: 4/4
     0 | D:1      | 0 ||| qw: Version: 0.1-a-89-g26bdef1
     0 | D:1      | 0 ||| qw: Game counter: 873
     0 | D:1      | 0 ||| qw: Always use a shield: true
     0 | D:1      | 0 ||| qw: God list: Okawaru
     0 | D:1      | 0 ||| qw: Allow faded altars: false
     0 | D:1      | 0 ||| qw: Do Orc after D:15 true
     0 | D:1      | 0 ||| qw: Do second Lair branch before Depths: true
     0 | D:1      | 0 ||| qw: Lair rune preference: random
     0 | D:1      | 0 ||| qw: Plans: Normal
     0 | D:1      | 0 ||| PLANNING D:1-11
   334 | D:1      | 334 ||| Stepping ~*~*~tactically~*~*~ (stealth).
   473 | D:1      | Identified the +3 leather armour "Yfeluf" {+Blink}
   559 | D:1      | Reached skill level 3 in Axes
   559 | D:1      | Reached XP level 2. HP: 14/17 MP: 6/6
  1334 | D:1      | 1334 ||| UPGRADING to +0 ring mail.
  1344 | D:1      | 1344 ||| DROPPING +0 leather armour.
  1345 | D:1      | 1345 ||| UPGRADING to +0 pair of gloves.
  1350 | D:1      | 1350 ||| DROPPING +3 leather armour "Yfeluf" {+Blink}.
  1351 | D:1      | 1351 ||| DROPPING amulet of faith.
  1352 | D:1      | 1352 ||| DROPPING +6 ring of intelligence.
  1353 | D:1      | 1353 ||| READING scroll labelled EMPOSHEDOO.
  1354 | D:1      | 1354 ||| READING 2 scrolls labelled ZANEUMEKEO.
  1355 | D:1      | 1355 ||| READING scroll labelled VEIXKYDUTZIVY.
  1356 | D:1      | 1356 ||| DROPPING scroll of blinking.
  1357 | D:1      | 1357 ||| Stepping randomly (stuck).
  1358 | D:1      | 1358 ||| Stepping ~*~*~tactically~*~*~ (cloud).
  1634 | D:2      | 1634 ||| Stepping ~*~*~tactically~*~*~ (stealth).
  1639 | D:2      | Reached XP level 3. HP: 21/21 MP: 7/7
  1641 | D:2      | Reached skill level 4 in Axes
  1724 | D:2      | 1724 ||| SWAPPING to +0 broad axe.
  1725 | D:2      | 1725 ||| DROPPING +0 hand axe.
  1903 | D:2      | 1903 ||| Stepping ~*~*~tactically~*~*~ (hiding).
  1904 | D:2      | 1904 ||| Stepping ~*~*~tactically~*~*~ (hiding).
  1915 | D:2      | Reached XP level 4. HP: 19/26 MP: 8/8
  1918 | D:2      | Reached skill level 5 in Axes
  2158 | D:2      | 2158 ||| DROPPING +0 club.
  2315 | D:2      | Found a glowing silver altar of Zin.
  2460 | D:2      | Found a faded altar of an unknown god.
  2822 | D:2      | 2822 ||| UPGRADING to +0 scale mail.
  2832 | D:2      | 2832 ||| DROPPING +0 ring mail.
  2833 | D:2      | 2833 ||| DROPPING +0 pair of gloves of hurling.
  2834 | D:2      | 2834 ||| READING scroll labelled ANU JEXZAPNE.
  2838 | D:2      | 2838 ||| READING scroll labelled EDOAXATHROE.
  2939 | D:2      | 2939 ||| READING scroll labelled BAOPPA VUOFRUF.
  2940 | D:2      | 2940 ||| DRINKING 2 viscous golden potions.
  2941 | D:2      | 2941 ||| DROPPING potion of flight.
  2947 | D:3      | Found a glowing drain.
  2948 | D:3      | 2948 ||| PLANNING SEWER
  2951 | D:3      | 2951 ||| STAIRDANCE
  3016 | D:3      | 3016 ||| STAIRDANCE
  3101 | D:3      | Gained mutation: Your magical nature lets you fly swiftly
                  | and evasively. [Tengu growth]
  3101 | D:3      | Reached XP level 5. HP: 15/30 MP: 9/9
  3105 | D:3      | HP: 7/30 [poisoned by an adder]
  3337 | Sewer    | Entered a sewer
  3382 | Sewer    | Noticed a kobold brigand
  3391 | Sewer    | HP: 7/30 [kobold brigand/+0 club (6)]
  3392 | Sewer    | Slain by a kobold brigand

Levels and vault maps discovered:
D:1:      lemuel_arrival_cross, layout_basic, serial_glass, glass_columns_a,
          glass_columns_a, nrook_loot_triangle
D:2:      layout_loops_corners, hellmonk_ecumenical_altar_leap_of_faith,
          basic_altar, columned_hall_lemuel
D:3:      layout_rooms, nicolae_yredelemnul_corpse_copse, minitemple,
          nicolae_ashenzari_skybound, lemuel_doored_altar, gup_sewer_entry_glass
Sewer:    sewer_minmay_treatment

Skill      XL: |  1  2  3  4 |
---------------+-------------+-----
Axes           | 3 4 5 |  5.9
Fighting       | |  2.0
Throwing       | |  1.0
Armour         | |  1.1
Dodging        | |  2.1
Spellcasting   | |  2.0
Translocations | |  2.4

Action                   |  1- 3 |  4- 6 || total
-------------------------+-------+-------++-------
Melee: Hand axe          |    41 |       ||    41
       Kick              |     6 |    11 ||    17
       Peck              |     5 |     6 ||    11
       Broad axe         |     8 |    50 ||    58
Throw: Boomerang         |     7 |       ||     7
       Javelin           |     7 |    10 ||    17
  Use: Scroll            |     3 |     3 ||     6
       Potion            |       |     1 ||     1
Armor: Leather armour    |     3 |       ||     3
       Scale mail        |       |    26 ||    26
       Ring mail         |       |     7 ||     7
Dodge: Dodged            |    18 |    30 ||    48

Table legend:
 A = Non-vault XP
 B = Vault XP
 C = Vault XP percentage of total XP
 D = Non-vault monster count
 E = Vault monster count
 F = Vault count percentage of total count
                 A         B        C        D         E       F
            +---------+---------+-------+---------+---------+-------
      Total |     143 |      75 |  34.4 |      42 |      11 |  20.8
            +---------+---------+-------+---------+---------+-------
        D:1 |      30 |       0 |   0.0 |      20 |       0 |   0.0
        D:2 |     112 |       0 |   0.0 |      21 |       0 |   0.0
        D:3 |       1 |      56 |  98.2 |       1 |       6 |  85.7
      Sewer |       0 |      19 | 100.0 |       0 |       5 | 100.0
            +---------+---------+-------+---------+---------+-------
